 Dungeon Crawl Stone Soup version 0.30.0-17-ge0270778cf (webtiles) character file.

Game seed: 13850372847155650151

269 jfcaron the Covert (level 6, -1/51 HPs)
             Began as a Gnoll Brigand on May 21, 2023.
             Slain by Licon's ghost (11 damage)
             ... on level 3 of the Dungeon.
             The game lasted 00:07:23 (2583 turns).

jfcaron the Covert (Gnoll Brigand)                  Turns: 2583, Time: 00:07:23

Health: -1/51      AC:  4    Str: 13    XL:     6   Next: 22%
Magic:  8/9        EV: 13    Int: 10    God:
Gold:   196        SH:  0    Dex: 19    Spells: 9/9 levels left

rFire   + . .        x - +1 hand axe (elec)
rCold   . . .        (no shield)
rNeg    . . .        b - +0 robe
rPois   .            (no helmet)
rElec   .            c - +0 cloak
rCorr   .            h - +0 pair of gloves
SInv    .            (no boots)
Will    .....        (no amulet)
Stlth   ++++         q - ring of protection from fire
HPRegen 0.28/turn    v - +6 ring of dexterity
MPRegen 0.11/turn

%: no passive effects
@: mighty, brilliant
A: fangs 1, strong nose, distributed training
a: no special abilities


You were on level 3 of the Dungeon.
You visited 1 branch of the dungeon, and saw 3 of its levels.

You collected 196 gold pieces.

Inventory:

Hand Weapons
 a - a +2 dagger
 t - a +0 flail
 u - a +0 rapier
 x - a +1 hand axe of electrocution (weapon)
   (You took it off an orc on level 3 of the Dungeon)
Missiles
 d - 8 poisoned darts (quivered)
Armour
 b - a +0 robe (worn)
 c - a +0 cloak (worn)
 h - a +0 pair of gloves (worn)
 l - a +0 leather armour
Magical Staves
 y - a staff of death
   (You found it on level 3 of the Dungeon)
Jewellery
 q - a ring of protection from fire (left hand)
   (You found it on level 1 of the Dungeon)
 r - a ring of protection from cold
   (You found it on level 2 of the Dungeon)
 v - a +6 ring of dexterity (right hand)
   (You found it on level 2 of the Dungeon)
Scrolls
 f - 5 scrolls of identify {unknown}
 i - a scroll of poison {unknown}
 k - a scroll of amnesia {unknown}
 m - a scroll of enchant weapon {unknown}
 p - a scroll of teleportation {unknown}
 w - a scroll of torment {unknown}
Potions
 g - a potion of brilliance
 j - a potion of curing
 n - 2 potions of might
 o - a potion of flight {unknown}
 s - a potion of haste {unknown}
 z - 2 potions of degeneration {unknown}
 A - a potion of mutation {unknown}


   Skills:
 + Level 5.0 Fighting
 + Level 5.0 Short Blades
 + Level 2.0 Long Blades
 + Level 2.0 Axes
 + Level 2.0 Maces & Flails
 + Level 2.0 Polearms
 + Level 2.0 Staves
 + Level 2.0 Ranged Weapons
 + Level 5.0 Throwing
 + Level 2.0 Armour
 + Level 3.2 Dodging
 + Level 8.0 Stealth
 + Level 2.0 Shields
 + Level 2.0 Unarmed Combat
 + Level 2.0 Spellcasting
 + Level 1.5 Conjurations
 + Level 1.5 Hexes
 + Level 1.5 Summonings
 + Level 1.5 Necromancy
 + Level 1.5 Translocations
 + Level 1.5 Transmutations
 + Level 1.5 Fire Magic
 + Level 1.5 Ice Magic
 + Level 1.5 Air Magic
 + Level 1.5 Earth Magic
 + Level 1.5 Poison Magic
 + Level 2.1 Invocations
 + Level 2.0 Evocations


You had 9 spell levels left.
You didn't know any spells.
Your spell library contained the following spells:

 Spells                   Type           Power      Damage    Failure   Level
 Ensorcelled Hibernation  Hex/Ice        12%        N/A       26%         2
 Passwall                 Tmut/Erth      5%         N/A       26%         2
 Stone Arrow              Conj/Erth      12%        3d7       45%         3
 Summon Guardian Golem    Hex/Summ       6%         N/A       45%         3
 Swiftness                Air            6%         N/A       45%         3
 Manifold Assault         Tloc           6%         N/A       86%         4
 Orb of Destruction       Conj           3%         9d5       100%        7
 Spellforged Servitor     Conj/Summ      3%         N/A       100%        7
 Disjunction              Tloc           3%         N/A       100%        8


Dungeon Overview and Level Annotations

Branches:
Dungeon (3/15)

Altars:

Shops:
D:2 [

Annotations:
D:3 1 runed translucent door, Licon's ghost, amateur DsGl


Innate Abilities, Weirdness & Mutations

You have very sharp teeth.
Your uncanny sense of smell can sniff out nearby items.
Your experience applies equally to all skills.


Message History

Your Evocations skill increases to level 2!
You have reached level 6!
It was a potion of might.
You feel very mighty all of a sudden. Licon's ghost hits you.
You closely miss Licon's ghost. Licon's ghost barely misses you.
Licon's ghost hits you but does no damage.
You slash Licon's ghost!
Licon's ghost is moderately damaged.
Licon's ghost hits you.
You closely miss Licon's ghost.
You bite Licon's ghost, but do no damage.
Licon's ghost is moderately damaged.
Licon's ghost hits you.
You slash Licon's ghost!
Licon's ghost is heavily damaged.
Licon's ghost hits you!
You closely miss Licon's ghost. Your bite misses Licon's ghost.
Licon's ghost is heavily damaged.
Licon's ghost says, "Crushing you to a pulp will hurt a lot.
After that?
Painless!
I promise!"
Licon's ghost closely misses you.
You hit Licon's ghost.
Licon's ghost is severely damaged.
Licon's ghost hits you.
* * * LOW HITPOINT WARNING * * *
Licon's ghost hits you!
* * * LOW HITPOINT WARNING * * *
It was a potion of brilliance.
You feel clever all of a sudden.
Licon's ghost screams, "You will never get the ORB!"
Licon's ghost closely misses you.
It was a potion of curing.
You feel better.
Licon's ghost hits you but does no damage.
You closely miss Licon's ghost.
Licon's ghost is severely damaged.
Licon's ghost closely misses you.
You slash Licon's ghost!
Licon's ghost is almost destroyed.
Licon's ghost hits you!
You die...

#.##...##..........)......# #.
#.####.##.....#######.....#####.
#.# ##.##.....# #<........## #.#
#..#####..## #.....###.# #.#
#..# #...# #....<# #.# #.# #..#
#.#.# ##.#### #.# #.# #..#
#.#.## #...# #.#
#.###..#####.#..# ###.# #.#
#............##@# #.# #.#
#####...#######W# #.# #.# #.#.#
###r# ######.####.## #.#.#
##...# #............. #.#.#
#...(# #.####........ #.#.##
##'#####.####..###.#.
#....###~~~#..........# #.#.
##.....##~~~#.##.#####.###.#.
##...)...#~~~#.##.# #.....#.


You could see Licon's ghost and a quokka.

Vanquished Creatures
  A black bear (D:3)
  A bullfrog (D:3)
  Terence (D:3)
  3 adders (D:3)
  A river rat (D:3)
  A worm (D:2)
  2 dart slugs
  2 orcs (D:3)
  4 bats
  7 endoplasms
  3 giant cockroaches
  2 hobgoblins
  2 jackals (D:2)
  3 kobolds (D:1)
  2 quokkas
  2 frilled lizards
  6 goblins
  8 rats
51 creatures vanquished.

Notes
Turn   | Place    | Note
-------+----------+-------------------------------------------
     0 | D:1      | jfcaron the Gnoll Brigand began the quest for the Orb.
     0 | D:1      | Reached XP level 1. HP: 20/20 MP: 1/1
    16 | D:1      | Noticed an electric eel
   191 | D:1      | Reached XP level 2. HP: 26/26 MP: 2/2
   383 | D:1      | Found a faded altar of an unknown god.
  1001 | D:2      | Found Covvefail's Antique Armour Emporium.
  1007 | D:2      | Reached XP level 3. HP: 31/31 MP: 3/3
  1185 | D:2      | Reached skill level 1 in Invocations
  1511 | D:3      | Reached skill level 1 in Long Blades
  1511 | D:3      | Reached skill level 1 in Axes
  1511 | D:3      | Reached skill level 1 in Maces & Flails
  1511 | D:3      | Reached skill level 1 in Polearms
  1511 | D:3      | Reached skill level 1 in Staves
  1511 | D:3      | Reached skill level 1 in Ranged Weapons
  1511 | D:3      | Reached skill level 1 in Armour
  1511 | D:3      | Reached skill level 1 in Shields
  1511 | D:3      | Reached skill level 1 in Unarmed Combat
  1511 | D:3      | Reached skill level 1 in Spellcasting
  1511 | D:3      | Reached skill level 1 in Evocations
  1531 | D:3      | Found a runed translucent door.
  1532 | D:3      | Noticed Licon's ghost (amateur DsGl)
  1538 | D:3      | Noticed a black bear
  1551 | D:3      | Killed a black bear
  1552 | D:3      | Reached skill level 1 in Conjurations
  1552 | D:3      | Reached skill level 1 in Hexes
  1552 | D:3      | Reached skill level 1 in Summonings
  1552 | D:3      | Reached skill level 1 in Necromancy
  1552 | D:3      | Reached skill level 1 in Translocations
  1552 | D:3      | Reached skill level 1 in Transmutations
  1552 | D:3      | Reached skill level 1 in Fire Magic
  1552 | D:3      | Reached skill level 1 in Ice Magic
  1552 | D:3      | Reached skill level 1 in Air Magic
  1552 | D:3      | Reached skill level 1 in Earth Magic
  1552 | D:3      | Reached skill level 1 in Poison Magic
  1552 | D:3      | Reached XP level 4. HP: 32/38 MP: 4/6
  1552 | D:3      | Reached XP level 5. HP: 37/43 MP: 4/7
  1965 | D:3      | Noticed Terence
  1969 | D:3      | Killed Terence
  1970 | D:3      | Reached skill level 8 in Stealth
  2081 | D:3      | Found a runed translucent door.
  2278 | D:3      | Got the Precepts of the Mantle and the Voyage
  2573 | D:3      | Reached skill level 5 in Fighting
  2573 | D:3      | Reached skill level 5 in Short Blades
  2573 | D:3      | Reached skill level 5 in Throwing
  2573 | D:3      | Reached XP level 6. HP: 39/51 MP: 7/9
  2579 | D:3      | HP: 4/51 [Licon's ghost (9)]
  2583 | D:3      | Slain by Licon's ghost

Illustrated notes

Levels and vault maps discovered:
D:1:      arrival_aquarium_a, layout_rooms,
          hellmonk_ecumenical_altar_inner_sanctum
D:2:      layout_loops_corners, serial_shops,
          nicolae_shop_competitors_out_of_business, kennysheep_path_1
D:3:      layout_loops_ring, ebering_ghost_sewer_f,
          minmay_fractal_squares_gapless_5, uniq_terence

Skill      XL: |  1  2  3  4  5 |
---------------+----------------+-----
Invocations    | 1 2 |  2.1
Long Blades    | 1 2 |  2.0
Axes           | 1 2 |  2.0
Maces & Flails | 1 2 |  2.0
Polearms       | 1 2 |  2.0
Staves         | 1 2 |  2.0
Ranged Weapons | 1 2 |  2.0
Armour         | 1 2 |  2.0
Shields        | 1 2 |  2.0
Unarmed Combat | 1 2 |  2.0
Spellcasting   | 1 2 |  2.0
Evocations     | 1 2 |  2.0
Dodging        | 3 |  3.2
Conjurations   | 1 |  1.5
Hexes          | 1 |  1.5
Summonings     | 1 |  1.5
Necromancy     | 1 |  1.5
Translocations | 1 |  1.5
Transmutations | 1 |  1.5
Fire Magic     | 1 |  1.5
Ice Magic      | 1 |  1.5
Air Magic      | 1 |  1.5
Earth Magic    | 1 |  1.5
Poison Magic   | 1 |  1.5
Stealth        | 8 |  8.0
Fighting       | 5 |  5.0
Short Blades   | 5 |  5.0
Throwing       | 5 |  5.0

Action                     |  1- 3 |  4- 6 || total
---------------------------+-------+-------++-------
  Melee: Dagger            |    60 |    28 ||    88
         Punch             |     1 |     1 ||     2
         Bite              |     4 |     2 ||     6
         Hand axe          |       |    25 ||    25
  Throw: Stone             |     6 |    18 ||    24
         Dart              |     7 |     4 ||    11
    Use: Potion            |       |     3 ||     3
   Stab: Sleeping          |    16 |     6 ||    22
         Distracted        |     3 |       ||     3
 Armour: Robe              |     9 |     9 ||    18
  Dodge: Dodged            |    17 |    34 ||    51

Table legend: (Time is in decaauts)
 A = Elapsed time spent in this place.
 B = Non-inter-level travel time spent in this place.
 C = Inter-level travel time spent in this place.
 D = Time resting spent in this place.
 E = Time spent auto-exploring this place.
 F = Levels seen in this place.
 G = Mean time per level.
                   A        B        C        D        E       F      G
               +--------+--------+--------+--------+--------+-----+--------+
         Total |   2558 |   2394 |    164 |    125 |   1839 |   3 |  852.7 |
       Dungeon |   2558 |   2394 |    164 |    125 |   1839 |   3 |  852.7 |
               +--------+--------+--------+--------+--------+-----+--------+

Top non-repeatable levels by time:
     D:3: 1075 daAuts
     D:2: 964 daAuts
     D:1: 517 daAuts

Table legend:
 A = Kills in this place as a percentage of kills in the entire game.
 B = Kills by you in this place as a percentage of kills by you in the entire game.
 C = Kills by friends in this place as a percentage of kills by friends in the entire game.
 D = Other kills in this place as a percentage of other kills in the entire game.
 E = Experience gained in this place as a percentage of experience gained in the entire game.
 F = Experience gained in this place divided by the number of levels of this place that you have seen.
                   A       B       C       D       E      F
               +-------+-------+-------+-------+-------+----------------------
         Total | 100.0 | 100.0 |   N/A |   N/A | 100.0 | 128.3
       Dungeon | 100.0 | 100.0 |   N/A |   N/A | 100.0 | 128.3
               +-------+-------+-------+-------+-------+----------------------

Levels and vault maps discovered:
D:1:      arrival_aquarium_a, layout_rooms,
          hellmonk_ecumenical_altar_inner_sanctum
D:2:      layout_loops_corners, serial_shops,
          nicolae_shop_competitors_out_of_business, kennysheep_path_1
D:3:      layout_loops_ring, ebering_ghost_sewer_f,
          minmay_fractal_squares_gapless_5, uniq_terence
